 Dungeon Crawl Stone Soup version 0.18.1-48-g4cf74bf (webtiles) character file.

1288 Heedrag the Destroyer (level 8, -4/41 HPs)
             Began as a Deep Elf Conjurer on Aug 2, 2016.
             Was an Initiate of Vehumet.
             Slain by Joseph
             ... wielding a +0 quarterstaff
              (7 damage)
             ... on level 8 of the Dungeon.
             The game lasted 00:13:53 (6211 turns).

Heedrag the Destroyer (Deep Elf Conjurer)           Turns: 6211, Time: 00:13:54

Health: -4/41      AC: 10    Str: 11 (12) XL:     8   Next: 30%
Magic:  3/20       EV: 13    Int: 19 (21) God:    Vehumet [......]
Gold:   418        SH:  4    Dex: 14 (15) Spells: 4 memorised, 7 levels left

rFire  . . .     SeeInvis +     r - +0 dagger (curse)
rCold  . . .     Gourm    .     a - +0 robe
rNeg   . . .     Faith    .     Q - +0 buckler
rPois  .         Spirit   .     w - +0 helmet
rElec  .         Dismiss  .     A - +0 cloak
rCorr  .         Reflect  .     G - +2 pair of gloves
SustAt .         Harm     .     B - +2 pair of boots
MR     .....                    (no amulet)
Stlth  ++........               x - ring of see invisible
                                J - ring of wizardry

@: mighty, very slightly contaminated, not resistant to hostile enchantments,
unstealthy
A: no striking features
a: Renounce Religion


You were on level 8 of the Dungeon.
You worshipped Vehumet.
Vehumet was noncommittal.
You were near starving.

You visited 2 branches of the dungeon, and saw 8 of its levels.

You collected 418 gold pieces.

Inventory:

Hand Weapons
 h - a +0 spear
 r - a cursed +0 dagger (weapon)
 z - a +3 quarterstaff of chaos
Armour
 a - a +0 robe (worn)
 w - a +0 helmet (worn)
 A - a +0 cloak (worn)
 B - a +2 pair of boots (worn)
 G - a +2 pair of gloves (worn)
 I - the +2 leather armour "Nibillohukh" {*Drain rPois rCorr Dex+6}
   (You found it on level 4 of the Dungeon)

   It affects your dexterity (+6).
   It protects you from poison.
   It protects you from acid and corrosion.
   It causes draining when unequipped.
 O - a +0 large shield
 Q - a +0 buckler (worn)
Jewellery
 x - a ring of see invisible (right hand)
 y - a +4 ring of protection
 D - an uncursed ring of positive energy
 J - a ring of wizardry (left hand)
Wands
 j - a wand of polymorph (10/24)
 L - a wand of flame (24/48)
 P - a wand of acid (6/15)
 S - a wand of confusion (10/48)
Scrolls
 e - 2 scrolls of remove curse {unknown}
 l - 2 scrolls of magic mapping {unknown}
 o - a scroll of random uselessness {unknown}
 p - a scroll of recharging {unknown}
 s - 7 scrolls of identify
 E - a scroll of fear {unknown}
 F - a scroll of noise {unknown}
 M - a scroll of blinking {unknown}
 T - a scroll of immolation {unknown}
Potions
 d - a potion of mutation {unknown}
 f - a potion of haste {unknown}
 g - a potion of might
 i - a potion of ambrosia
 k - a potion of agility {unknown}
 q - a potion of curing
 t - a potion of lignification {unknown}
 u - a potion of degeneration
 C - 2 potions of brilliance {unknown}
 H - a potion of invisibility {unknown}
 R - a potion of resistance {unknown}
 U - a potion of beneficial mutation {unknown}
Books
 b - a book of Conjurations

   Spells                             Type                      Level
   a - Magic Dart                     Conjuration                  1
   b - Searing Ray                    Conjuration                  2
   c - Dazzling Spray                 Conjuration/Hexes            3
   d - Fulminant Prism                Conjuration/Hexes            4
   e - Iskenderun's Mystic Blast      Conjuration                  4
   f - Iskenderun's Battlesphere      Conjuration/Charms           5
 N - a Grand Grimoire

   Spells                             Type                      Level
   a - Monstrous Menagerie            Summoning                    7
   b - Summon Greater Demon           Summoning                    7
   c - Malign Gateway                 Summoning/Translocation      7
   d - Summon Horrible Things         Summoning                    8
Comestibles
 c - 5 bread rations
 m - 2 beef jerkies
 n - 7 fruits
 v - a slice of pizza
 K - 3 meat rations
 V - 3 chunks of flesh


   Skills:
 + Level 4.0 Dodging
 - Level 2.4 Stealth
 + Level 1.1 Shields
 + Level 6.9 Spellcasting
 * Level 8.9 Conjurations
 + Level 5.9 Charms


You had 7 spell levels left.
You knew the following spells:

 Your Spells              Type           Power        Failure   Level  Hunger
a - Magic Dart            Conj           ####         1%          1    None
b - Dazzling Spray        Conj/Hex       ###...       4%          3    #......
c - Iskenderun's Mystic   Conj           #####...     1%          4    ###....
d - Iskenderun's Battles  Conj/Chrm      ####....     9%          5    #####..


Dungeon Overview and Level Annotations

Branches:
Dungeon (6/15)             Temple (1/1) D:4

Altars:
Ashenzari
Cheibriados
Elyvilon
Fedhas
Kikubaaqudgha
Makhleb
Okawaru
Qazlal
Ru
Sif Muna
Vehumet
Xom
Yredelemnul
Zin
The Shining One

Annotations:
D:8 Joseph


Message History

Joseph be heavily wounded.
Ye block Joseph's attack.
Ye puncture Joseph!
Joseph be severely wounded.
Joseph misses ye.
Ye barely miss Joseph.
Joseph be severely wounded.
Ye block Joseph's attack.
Ye completely miss Joseph.
Joseph be severely wounded.
Joseph barely misses ye.
Ye hit Joseph.
Joseph be severely wounded.
Joseph misses ye.
Ye puncture Joseph!
Joseph be almost dead.
Ye hit Joseph.
Joseph be almost dead.
Joseph hits ye wit' an uncursed quarterstaff!
Ye die...

#.# #
#.# #.#
#(# #.#
#.# #(#
##'####
#.(@@.#
#.(...#
#.....#
#.....#
#....$#
#.($.(#
#.....#
.......


You could see Joseph.

Vanquished Creatures
  Duvessa (D:4)
  An orc warrior (D:6)
  An ice beast (D:8)
  2 phantoms
  A centaur (D:5)
  Dowan (D:4)
  A howler monkey (D:5)
  A centaur zombie (D:5)
  A giant frog zombie (D:5)
  A hound (D:5)
  2 crimson imps
  An orc priest (D:5)
  Crazy Yiuf (D:2)
  2 orc wizards
  3 iguanas
  Ijyb (D:2)
  2 worker ants
  8 adders
  4 shadow imps
  An ooze (D:3)
  3 worms
  4 dart slugs
  A giant gecko (D:1)
  16 orcs
  A ball python (D:1)
  4 bats
  A giant cockroach (D:4)
  6 goblins
  4 hobgoblins
  8 jackals
  10 kobolds
  A quokka (D:4)
  A ball python zombie (D:5)
  6 giant newts
  A quokka zombie (D:5)
  14 rats
  2 fungi (D:2)
119 creatures vanquished.

Notes
Turn   | Place    | Note
--------------------------------------------------------------
     0 | D:1      | Heedrag the Deep Elf Conjurer began the quest for the Orb.
     0 | D:1      | Reached XP level 1. HP: 10/10 MP: 6/6
   405 | D:1      | Reached XP level 2. HP: 15/15 MP: 5/8
   590 | D:1      | Reached skill level 5 in Conjurations
  1038 | D:2      | Reached XP level 3. HP: 19/19 MP: 0/10
  1043 | D:2      | Learned a level 3 spell: Dazzling Spray
  1173 | D:2      | Noticed Ijyb
  1181 | D:2      | Killed Ijyb
  1259 | D:2      | Reached XP level 4. HP: 24/24 MP: 8/12
  1469 | D:2      | Learned a level 4 spell: Iskenderun's Mystic Blast
  1710 | D:2      | Found a burning altar of Makhleb.
  1716 | D:2      | Reached skill level 6 in Conjurations
  1979 | D:2      | Noticed Crazy Yiuf
  1986 | D:2      | Killed Crazy Yiuf
  1986 | D:2      | Reached XP level 5. HP: 28/28 MP: 2/14
  2050 | D:3      | Learned a level 5 spell: Iskenderun's Battlesphere
  2187 | D:3      | Reached skill level 1 in Charms
  2518 | D:3      | Reached skill level 5 in Spellcasting
  2935 | D:4      | Found a staircase to the Ecumenical Temple.
  2943 | Temple   | Entered the Ecumenical Temple
  3183 | D:4      | Reached XP level 6. HP: 14/32 MP: 1/15
  3492 | D:4      | Noticed Dowan
  3514 | D:4      | Got a crude leather armour
  3544 | D:5      | Entered Level 5 of the Dungeon
  3678 | D:5      | Found a white marble altar of Elyvilon.
  4012 | D:5      | Reached skill level 7 in Conjurations
  4240 | D:5      | Found a radiant altar of Vehumet.
  4341 | D:5      | Became a worshipper of Vehumet
  4379 | D:5      | Reached XP level 7. HP: 36/36 MP: 8/17
  4633 | D:4      | Noticed Duvessa
  4662 | D:4      | Killed Duvessa
  4665 | D:4      | Killed Dowan
  5036 | D:5      | Reached skill level 8 in Conjurations
  5163 | D:5      | Reached skill level 5 in Charms
  5671 | D:6      | Reached XP level 8. HP: 32/41 MP: 5/20
  5840 | D:6      | Found a blossoming altar of Fedhas.
  6169 | D:6      | You fall through a shaft for 2 floors!
  6170 | D:8      | Noticed Joseph
  6174 | D:8      | Reached skill level 1 in Shields
  6189 | D:8      | HP: 2/41 [Joseph/sling bullet (2)]
  6193 | D:8      | Identified the +2 leather armour "Nibillohukh" {*Drain rPois rCorr Dex+6} (You found it on level 4 of the Dungeon)
  6199 | D:8      | HP: 1/41 [Joseph/sling bullet (14)]
  6211 | D:8      | Slain by Joseph

Skill      XL: |  1  2  3  4  5  6  7  8 |
---------------+-------------------------+-----
Conjurations   | 5 6 7 8 |  8.9
Spellcasting   | 4 5 6 |  6.9
Charms         | 2 4 5 |  5.9
Dodging        | 3 4 |  4.0
Shields        | 1 |  1.1
Stealth        | |  2.4

Action                   |  1- 3 |  4- 6 |  7- 9 || total
-------------------------+-------+-------+-------++-------
Melee: Unarmed           |     3 |       |       ||     3
       Dagger            |       |    71 |     8 ||    79
 Cast: Magic Dart        |    58 |   162 |    81 ||   301
       Dazzling Spray    |       |     3 |       ||     3
       Iskenderun's Batt |       |     5 |    11 ||    16
  Use: Potion            |       |       |     4 ||     4
       Scroll            |       |       |     1 ||     1
  Eat: Chunk             |     1 |    12 |     7 ||    20
Armor: Robe              |     1 |     9 |     5 ||    15
       Skin              |     1 |       |       ||     1
Dodge: Dodged            |     3 |    15 |    19 ||    37
Block: Buckler           |       |       |     3 ||     3
